 Dungeon Crawl Stone Soup version 0.27-a0-223-ge082b6e869 (webtiles) character file.

Game seed: 18359879164464324445

66 puppykicker the Shooter (level 4, -1/25 HPs)
             Began as a Tengu Arcane Marksman on Feb 2, 2021.
             Killed from afar by an orc wizard (7 damage)
             ... with a magic dart
             ... on level 2 of the Dungeon.
             The game lasted 00:05:33 (1703 turns).

puppykicker the Shooter (Tengu Arcane Marksman)     Turns: 1703, Time: 00:05:34

Health: -1/25      AC:  2    Str: 10    XL:     4   Next: 15%
Magic:  7/7        EV: 13    Int: 15    God:
Gold:   131        SH:  0    Dex: 14    Spells: 3/6 levels left

rFire    . . .     SeeInvis .   b - +0 trident (venom)
rCold    . . .     Faith    .   (no shield)
rNeg     . . .     Spirit   .   e - +0 robe
rPois    .         Reflect  .   (helmet restricted)
rElec    .         Harm     .   (no cloak)
rCorr    .         Rampage  .   (no gloves)
Will     .....                  (boots unavailable)
Stlth    +.........             (no amulet)
HPRegen  0.08/turn              (no ring)
MPRegen  0.10/turn              (no ring)

@: no status effects
A: beak, talons 3
a: no special abilities


You were on level 2 of the Dungeon.
You visited 1 branch of the dungeon, and saw 3 of its levels.

You collected 131 gold pieces.

Inventory:

Hand Weapons
 a - a +0 shortbow
 b - a +0 trident of venom (weapon)
Missiles
 j - 16 arrows
 k - 6 poisoned darts (quivered)
Armour
 e - a +0 robe (worn)
Scrolls
 c - a scroll of enchant armour {unknown}
 d - a scroll of identify {unknown}
 g - a scroll of enchant weapon {unknown}
 h - a scroll of remove curse {unknown}
 i - a scroll of teleportation {unknown}
Potions
 f - 4 potions of brilliance {unknown}
 l - a potion of invisibility {unknown}
 m - a potion of mutation {unknown}


   Skills:
 + Level 1.6 Fighting
 * Level 3.2 Bows
 + Level 1.2 Armour
 + Level 2.6 Dodging
 + Level 1.5 Spellcasting
 + Level 2.4 Hexes


You had 3 spell levels left.
You knew the following spells:

 Your Spells              Type           Power        Failure   Level
a - Corona                Hex            8%           9%          1
b - Slow                  Hex            8%           13%         2

Your spell library contained the following spells:

 Spells                   Type           Power        Failure   Level
 Inner Flame              Hex/Fire       4%           38%         3
 Portal Projectile        Hex/Tloc       8%           38%         3
 Cause Fear               Hex            4%           65%         4
 Leda's Liquefaction      Hex/Erth       2%           80%         4


Dungeon Overview and Level Annotations

Branches:
Dungeon (3/15)

Altars:
Sif Muna


Innate Abilities, Weirdness & Mutations

You have a beak for a mouth.
You have claws for feet.


Message History

Throw: 8 darts (poison)
Press: ? - help, Q - select action, (/) - cycle Shift-Dir - straight line, f/p - orc
Aim: an orc, wielding a +0 hand axe, wearing a +0 leather armour and quivering boomerangs (lightly wounded, very poisoned, 57% to hit)
You throw a poisoned dart. The poisoned dart hits the orc.
The orc looks even sicker.
You are too injured to fight recklessly!
Reach: b) +0 trident (venom)
Press: ? - help, Dir - move target, f/p - orc
Aim: an orc, wielding a +0 hand axe, wearing a +0 leather armour and quivering boomerangs (lightly wounded, very poisoned)
You reach to attack!
You puncture the orc!
You kill the orc!
Throw: 7 darts (poison)
Press: ? - help, Q - select action, (/) - cycle Shift-Dir - straight line You throw a poisoned dart.
Something hits you but does no damage.
You puncture something!
You hear some strange, mumbled words.
A magic dart appears from out of thin air!
The magic dart hits you!
You die...

.........###...>.#.##........#
.........# #.....#.###.......#
.........# ####(##.# #.......#
#.###.#### #((#.# #.......#
...##..# ##(#.# #.......#
.....#.#### #(#.# #.......#
..........## #)#.# #.......#
........#..#####{#.# #.......#
........##.....#@#.###.......#
...#.......##.......##########
....................#
............#.......#
..#..........##.##.##
..#........#.......####
#....####..#####......#
..#..####..#####......#
####..........##......#


There were no monsters in sight!

Levels and vault maps discovered:
D:1:      lightli_arrival_statuegarden, layout_loops_ring, serial_forest,
          infiniplex_forest_clump_tiny, infiniplex_forest_clump_curved,
          infiniplex_forest_corner_1, infiniplex_forest_clump_large,
          infiniplex_forest_clump_small, infiniplex_forest_lined_4_way,
          serial_bayou_lagoon_a, chequers_serial_rivers_micro_c
D:2:      layout_rooms, lemuel_blue_sif_altar
D:3:      layout_loops_ring, fedhas_ov_isle_minmay, uniq_grinder

Notes
Turn   | Place    | Note
-------+----------+-------------------------------------------
     0 | D:1      | puppykicker the Tengu Arcane Marksman began the quest for
                  | the Orb.
     0 | D:1      | Reached XP level 1. HP: 12/12 MP: 3/3
    40 | D:1      | Identified a +0 dagger
    48 | D:1      | Identified a +0 shortbow
   119 | D:1      | Reached XP level 2. HP: 12/16 MP: 4/4
   525 | D:1      | Identified a +0 vorpal hand axe (You found it on level 1 of
                  | the Dungeon)
   744 | D:1      | Learned a level 2 spell: Slow
   835 | D:2      | Reached XP level 3. HP: 18/20 MP: 5/5
   886 | D:2      | Identified a +0 whip
   886 | D:2      | Identified a +0 ring mail
   888 | D:2      | Identified a +0 trident of venom
   889 | D:2      | Identified a +0 dagger
   919 | D:2      | Reached skill level 1 in Armour
  1313 | D:2      | Found a shimmering blue altar of Sif Muna.
  1347 | D:2      | Reached skill level 3 in Bows
  1492 | D:3      | Identified a +0 hand axe
  1492 | D:3      | Identified a +0 leather armour
  1492 | D:3      | Identified a +0 dagger
  1492 | D:3      | Identified a +0 robe
  1492 | D:3      | Identified a +0 dagger
  1492 | D:3      | Identified a +0 robe
  1493 | D:3      | Identified a +0 club
  1493 | D:3      | Identified a +0 scale mail
  1500 | D:2      | Reached XP level 4. HP: 10/25 MP: 7/7
  1699 | D:2      | HP: 6/25 [orc/boomerang (6)]
  1703 | D:2      | Killed from afar by an orc wizard

Table legend: (Time is in decaauts)
 A = Elapsed time spent in this place.
 B = Non-inter-level travel time spent in this place.
 C = Inter-level travel time spent in this place.
 D = Time resting spent in this place.
 E = Time spent auto-exploring this place.
 F = Levels seen in this place.
 G = Mean time per level.
                   A        B        C        D        E       F      G
               +--------+--------+--------+--------+--------+-----+--------+
         Total |   1718 |   1624 |     94 |    436 |    887 |   3 |  572.7 |
       Dungeon |   1718 |   1624 |     94 |    436 |    887 |   3 |  572.7 |
               +--------+--------+--------+--------+--------+-----+--------+

Top non-repeatable levels by time:
     D:2: 898 daAuts
     D:1: 813 daAuts
     D:3: 6 daAuts

Table legend:
 A = Kills in this place as a percentage of kills in entire the game.
 B = Kills by you in this place as a percentage of kills by you in the entire game.
 C = Kills by friends in this place as a percentage of kills by friends in the entire game.
 D = Other kills in this place as a percentage of other kills in the entire game.
 E = Experience gained in this place as a percentage of experience gained in the entire game.
 F = Experience gained in this place divided by the number of levels of this place that you have seen.
                   A       B       C       D       E      F
               +-------+-------+-------+-------+-------+----------------------
         Total | 100.0 | 100.0 |   N/A |   N/A | 100.0 |  31.7
       Dungeon | 100.0 | 100.0 |   N/A |   N/A | 100.0 |  31.7
               +-------+-------+-------+-------+-------+----------------------

Skill      XL: |  1  2  3 |
---------------+----------+-----
Armour         | 1 |  1.2
Bows           | 3 |  3.2
Fighting       | |  1.6
Dodging        | |  2.6
Spellcasting   | |  1.5
Hexes          | |  2.4

Action                   |  1- 3 |  4- 6 || total
-------------------------+-------+-------++-------
Melee: Dagger            |    32 |       ||    32
       Unarmed           |     4 |       ||     4
       Kick              |    12 |       ||    12
       Peck              |     6 |       ||     6
       Hand axe          |    20 |       ||    20
       Trident           |     7 |     2 ||     9
 Fire: Shortbow          |    19 |       ||    19
Throw: Dart              |     3 |     7 ||    10
 Cast: Slow              |     3 |       ||     3
       Corona            |     2 |       ||     2
Armor: Robe              |    15 |     1 ||    16
Dodge: Dodged            |    48 |     4 ||    52

Vanquished Creatures
  An orc wizard (D:2)
  An adder (D:2)
  A worm (D:2)
  A dart slug (D:1)
  4 orcs (D:2)
  7 bats
  2 giant cockroaches
  2 goblins
  A hobgoblin (D:1)
  2 frilled lizards
  2 rats (D:1)
24 creatures vanquished.

Vanquished Creatures (others)
  6 plants (D:1)
6 creatures vanquished.

Grand Total: 30 creatures vanquished
